Workbook
Name Hidden_13: Hidden_1!$A$1:$A$11
Name Hidden_211: Hidden_2!$A$1:$A$2

Sheet Reporte de Formatos
A1: 44369
A2: TÍTULO | D2: NOMBRE CORTO | G2: DESCRIPCIÓN
A3: Remuneraciones brutas y netas de todas las personas servidoras públicas de base y de confianza | D3: N_F8_LTAIPEC_Art74FrVIII | G3: La información relativa a la remuneración mensual bruta y neta de conformidad con el tabulador de sueldos y salarios aplicable a cada sujeto obligado, así como todos los conceptos que sean adicionales y distintos a las remuneraciones, especificando la periodicidad con que se otorga cada uno de éstos (quincenal, mensual, semestral, anual, por única ocasión, etcétera)
A4: 1 | B4: 4 | C4: 4 | D4: 9 | E4: 1 | F4: 2 | G4: 2 | H4: 2 | I4: 1 | J4: 1 | K4: 1 | L4: 9 | M4: 6 | N4: 1 | O4: 6 | P4: 1 | Q4: 10 | R4: 10 | S4: 10 | T4: 10 | U4: 10 | V4: 10 | W4: 10 | X4: 10 | Y4: 10 | Z4: 10 | AA4: 10 | AB4: 10 | AC4: 10 | AD4: 2 | AE4: 13 | AF4: 14
A5: 352956 | B5: 352969 | C5: 352948 | D5: 352970 | E5: 352971 | F5: 352951 | G5: 352957 | H5: 352958 | I5: 352959 | J5: 352952 | K5: 352949 | L5: 570148 | M5: 352972 | N5: 352973 | O5: 352961 | P5: 352950 | Q5: 352976 | R5: 352962 | S5: 352977 | T5: 352946 | U5: 352966 | V5: 352953 | W5: 352963 | X5: 352954 | Y5: 352955 | Z5: 352974 | AA5: 352978 | AB5: 352975 | AC5: 352979 | AD5: 352964 | AE5: 352967 | AF5: 352947
A6: Tabla Campos
A7: Ejercicio | B7: Fecha de inicio del periodo que se informa | C7: Fecha de término del periodo que se informa | D7: Tipo de integrante del sujeto obligado (catálogo) | E7: Clave o nivel del puesto | F7: Denominación o descripción del puesto (Redactados con perspectiva de género) | G7: Denominación del cargo (de conformidad con el nombramiento otorgado) | H7: Área de adscripción | I7: Nombre (s) | J7: Primer apellido | K7: Segundo apellido | L7: ESTE CRITERIO APLICA A PARTIR DEL 01/01/2023 -> Sexo (catálogo ) | M7: Monto de la remuneración mensual bruta, de conformidad al Tabulador de sueldos y salarios que corresponda | N7: Tipo de moneda de la remuneración mensual bruta | O7: Monto de la remuneración mensual neta, de conformidad al Tabulador de sueldos y salarios que corresponda | P7: Tipo de moneda de la remuneración mensual neta | Q7: Percepciones adicionales en dinero, Monto bruto y neto, tipo de moneda y su periodicidad Tabla_352976 | R7: Percepciones adicionales en especie y su periodicidad Tabla_352962 | S7: Ingresos, monto bruto y neto, tipo de moneda y su periodicidad Tabla_352977 | T7: Sistemas de compensación, monto bruto y neto, tipo de moneda y su periodicidad Tabla_352946 | U7: Gratificaciones, monto bruto y neto, tipo de moneda y su periodicidad Tabla_352966 | V7: Primas, monto bruto y neto, tipo de moneda y su periodicidad Tabla_352953 | W7: Comisiones, monto bruto y neto, tipo de moneda y su periodicidad Tabla_352963 | X7: Dietas, monto bruto y neto, tipo de moneda y su periodicidad Tabla_352954 | Y7: Bonos, monto bruto y neto, tipo de moneda y su periodicidad Tabla_352955 | Z7: Estímulos, monto bruto y neto, tipo de moneda y su periodicidad Tabla_352974 | AA7: Apoyos económicos, monto bruto y neto, tipo de moneda y su periodicidad Tabla_352978 | AB7: Prestaciones económicas, monto bruto y neto, tipo de moneda y su periodicidad Tabla_352975 | AC7: Prestaciones en especie y su periodicidad Tabla_352979 | AD7: Área(s) responsable(s) que genera(n), posee(n), publica(n) y actualizan la información | AE7: Fecha de Actualización | AF7: Nota
A8: 2025 | B8: 45658 | C8: 45747 | D8: Persona servidora pública | E8: 2.1 | F8: Director General | G8: Director General | H8: Dirección General | I8: Raul Eduardo | J8: Sales | K8: Heredia | L8: Hombre | M8: =64025.88+2751.88 -> 66777.76 | N8: PESOS | O8: 41938.88 | P8: PESOS | Q8: =Tabla_352976!A13 -> 0 | R8: 1 | S8: =Tabla_352977!A4 -> 1 | T8: =Tabla_352946!A4 -> 0 | U8: 1 | V8: =Tabla_352953!A24 -> 0 | W8: =Tabla_352963!A4 -> 0 | X8: =Tabla_352954!A4 -> 0 | Y8: =Tabla_352955!A5 -> 2 | Z8: =Tabla_352974!A8 -> 0 | AA8: =Tabla_352978!A11 -> 0 | AB8: =Tabla_352975!A4 -> 0 | AC8: =Tabla_352979!A4 -> 0 | AD8: Departamento de Recursos Humanos de la Coordinacion Administrativa | AE8: 45764 | AF8: Inicio en el cargo el 22/09/2021
A9: 2025 | B9: 45658 | C9: 45747 | D9: Persona servidora pública | E9: 4.1 | F9: Directora "B" | G9: Directora Administrativa | H9: Dirección Administrtiva | I9: Julieta del Carmen | J9: Loeza | K9: López | L9: Mujer | M9: =29521.88+2250.6 -> 31772.48 | N9: PESOS | O9: 25027 | P9: PESOS | Q9: =Tabla_352976!A13 -> 0 | R9: 1 | S9: =Tabla_352977!A5 -> 2 | T9: =Tabla_352946!A4 -> 0 | U9: 1 | V9: =Tabla_352953!A24 -> 0 | W9: =Tabla_352963!A4 -> 0 | X9: =Tabla_352954!A4 -> 0 | Y9: =Tabla_352955!A6 -> 0 | Z9: =Tabla_352974!A8 -> 0 | AA9: =Tabla_352978!A11 -> 0 | AB9: =Tabla_352975!A4 -> 0 | AC9: =Tabla_352979!A4 -> 0 | AD9: Departamento de Recursos Humanos de la Coordinacion Administrativa | AE9: 45764
A10: 2025 | B10: 45658 | C10: 45747 | D10: Persona servidora pública | E10: 4.1 | F10: Director "B" | G10: Director de Vinculación Interinstitucional | H10: Dirección General | I10: Antonio | J10: Cuevas | K10: Alavarado | L10: Hombre | M10: =29521.88+2250.6 -> 31772.48 | N10: PESOS | O10: 22148.62 | P10: PESOS | Q10: =Tabla_352976!A13 -> 0 | R10: 1 | S10: =Tabla_352977!A6 -> 3 | T10: =Tabla_352946!A4 -> 0 | U10: 1 | V10: =Tabla_352953!A24 -> 0 | W10: =Tabla_352963!A4 -> 0 | X10: =Tabla_352954!A4 -> 0 | Y10: =Tabla_352955!A5 -> 2 | Z10: =Tabla_352974!A8 -> 0 | AA10: =Tabla_352978!A11 -> 0 | AB10: =Tabla_352975!A4 -> 0 | AC10: =Tabla_352979!A4 -> 0 | AD10: Departamento de Recursos Humanos de la Coordinacion Administrativa | AE10: 45764
A11: 2025 | B11: 45658 | C11: 45747 | D11: Persona servidora pública | E11: 5.2 | F11: Subdirector " A " | G11: Subdirector de Archivo de Concentración | H11: Dirección General | I11: Marco Antonio | J11: León | K11: Sánchez | L11: Hombre | M11: =24499.08+2250 -> 26749.08 | N11: PESOS | O11: 21500.5 | P11: PESOS | Q11: =Tabla_352976!A13 -> 0 | R11: 1 | S11: =Tabla_352977!A27 -> 0 | T11: =Tabla_352946!A4 -> 0 | U11: 1 | V11: =Tabla_352953!A24 -> 0 | W11: =Tabla_352963!A4 -> 0 | X11: =Tabla_352954!A4 -> 0 | Y11: =Tabla_352955!A6 -> 0 | Z11: =Tabla_352974!A8 -> 0 | AA11: =Tabla_352978!A11 -> 0 | AB11: =Tabla_352975!A4 -> 0 | AC11: =Tabla_352979!A4 -> 0 | AD11: Departamento de Recursos Humanos de la Coordinacion Administrativa | AE11: 45764
A12: 2025 | B12: 45658 | C12: 45747 | D12: Persona servidora pública | E12: 5.2 | F12: Subdirector " A " | G12: Subdirector de General | H12: Direccion General | I12: Marco Antonio | J12: Pascual | K12: Chiquini | L12: Hombre | M12: =24499.08+2250 -> 26749.08 | N12: PESOS | O12: 21500.5 | P12: PESOS | Q12: =Tabla_352976!A13 -> 0 | R12: 1 | S12: =Tabla_352977!A7 -> 4 | T12: =Tabla_352946!A4 -> 0 | U12: 1 | V12: =Tabla_352953!A24 -> 0 | W12: =Tabla_352963!A4 -> 0 | X12: =Tabla_352954!A4 -> 0 | Y12: =Tabla_352955!A5 -> 2 | Z12: =Tabla_352974!A8 -> 0 | AA12: =Tabla_352978!A11 -> 0 | AB12: =Tabla_352975!A4 -> 0 | AC12: =Tabla_352979!A4 -> 0 | AD12: Departamento de Recursos Humanos de la Coordinacion Administrativa | AE12: 45764
A13: 2025 | B13: 45658 | C13: 45747 | D13: Persona servidora pública | E13: 5.2 | F13: Subdirector " A " | G13: Subdirector Técnico | H13: Subdirección Técnico | I13: Luis Fernando | J13: Sosa | K13: Sosa | L13: Hombre | M13: =24499.08+2250 -> 26749.08 | N13: PESOS | O13: 21500.5 | P13: PESOS | Q13: =Tabla_352976!A13 -> 0 | R13: 1 | S13: =Tabla_352977!A7 -> 4 | T13: =Tabla_352946!A4 -> 0 | U13: 1 | V13: =Tabla_352953!A24 -> 0 | W13: =Tabla_352963!A4 -> 0 | X13: =Tabla_352954!A4 -> 0 | Y13: =Tabla_352955!A5 -> 2 | Z13: =Tabla_352974!A8 -> 0 | AA13: =Tabla_352978!A11 -> 0 | AB13: =Tabla_352975!A4 -> 0 | AC13: =Tabla_352979!A4 -> 0 | AD13: Departamento de Recursos Humanos de la Coordinacion Administrativa | AE13: 45764
A14: 2025 | B14: 45658 | C14: 45747 | D14: Persona servidora pública | E14: 5.2 | F14: Subdirector " A " | G14: Subdirector de Recursos Humanos | H14: Dirección Administrtiva | I14: Ernesto | J14: Castillo | K14: Aranda | L14: Hombre | M14: =24499.08+2250 -> 26749.08 | N14: PESOS | O14: 21500.5 | P14: PESOS | Q14: =Tabla_352976!A13 -> 0 | R14: 1 | S14: =Tabla_352977!A7 -> 4 | T14: =Tabla_352946!A4 -> 0 | U14: 1 | V14: =Tabla_352953!A4 -> 1 | W14: =Tabla_352963!A4 -> 0 | X14: =Tabla_352954!A4 -> 0 | Y14: =Tabla_352955!A5 -> 2 | Z14: =Tabla_352974!A8 -> 0 | AA14: =Tabla_352978!A11 -> 0 | AB14: =Tabla_352975!A40 -> 0 | AC14: =Tabla_352979!A4 -> 0 | AD14: Departamento de Recursos Humanos de la Coordinacion Administrativa | AE14: 45764
A15: 2025 | B15: 45658 | C15: 45747 | D15: Persona servidora pública | E15: 5.2 | F15: Subdirector " A " | G15: Subdirector de Recursos Materiales | H15: Dirección Administrtiva | I15: Martín | J15: Góngora | K15: Domínguez | L15: Hombre | M15: =24499.08+2250 -> 26749.08 | N15: PESOS | O15: 19111.84 | P15: PESOS | Q15: =Tabla_352976!A13 -> 0 | R15: 1 | S15: =Tabla_352977!A7 -> 4 | T15: =Tabla_352946!A4 -> 0 | U15: 1 | V15: =Tabla_352953!A4 -> 1 | W15: =Tabla_352963!A4 -> 0 | X15: =Tabla_352954!A4 -> 0 | Y15: =Tabla_352955!A5 -> 2 | Z15: =Tabla_352974!A8 -> 0 | AA15: =Tabla_352978!A11 -> 0 | AB15: =Tabla_352975!A4 -> 0 | AC15: =Tabla_352979!A4 -> 0 | AD15: Departamento de Recursos Humanos de la Coordinacion Administrativa | AE15: 45764
A16: 2025 | B16: 45658 | C16: 45747 | D16: Persona servidora pública | E16: 5.2 | F16: Subdirectora " A " | G16: Subdirectora de Transparencia | H16: Dirección General | I16: Miriam Fabiola | J16: Dominguez | K16: Moya | L16: Mujer | M16: =24499.08+2250 -> 26749.08 | N16: PESOS | O16: 21500.5 | P16: PESOS | Q16: =Tabla_352976!A13 -> 0 | R16: 1 | S16: =Tabla_352977!A7 -> 4 | T16: =Tabla_352946!A4 -> 0 | U16: 1 | V16: =Tabla_352953!A24 -> 0 | W16: =Tabla_352963!A4 -> 0 | X16: =Tabla_352954!A4 -> 0 | Y16: =Tabla_352955!A6 -> 0 | Z16: =Tabla_352974!A8 -> 0 | AA16: =Tabla_352978!A11 -> 0 | AB16: =Tabla_352975!A4 -> 0 | AC16: =Tabla_352979!A4 -> 0 | AD16: Departamento de Recursos Humanos de la Coordinacion Administrativa | AE16: 45764 | AF16: Inicio en el cargo el 18/11/2021
A17: 2025 | B17: 45658 | C17: 45747 | D17: Persona servidora pública | E17: 5.2 | F17: Subdirector " A " | G17: Subdirector de Producción | H17: Sudirección de Producción | I17: José Manuel | J17: Bencomo | K17: Briceño | L17: Hombre | M17: =24499.08+2250 -> 26749.08 | N17: PESOS | O17: 19111.84 | P17: PESOS | Q17: =Tabla_352976!A13 -> 0 | R17: 1 | S17: =Tabla_352977!A8 -> 5 | T17: =Tabla_352946!A4 -> 0 | U17: 1 | V17: =Tabla_352953!A19 -> 16 | W17: =Tabla_352963!A4 -> 0 | X17: =Tabla_352954!A4 -> 0 | Y17: =Tabla_352955!A5 -> 2 | Z17: =Tabla_352974!A5 -> 2 | AA17: =Tabla_352978!A11 -> 0 | AB17: =Tabla_352975!A4 -> 0 | AC17: =Tabla_352979!A4 -> 0 | AD17: Departamento de Recursos Humanos de la Coordinacion Administrativa | AE17: 45764
A18: 2025 | B18: 45658 | C18: 45747 | D18: Persona servidora pública | E18: 5.2 | F18: Subdirectora " A " | G18: Subdirector de Videoteca | H18: Subdirección de Videoteca | I18: Sonia Halinka | J18: Duran | K18: Risueño | L18: Mujer | M18: =24499.08+2250 -> 26749.08 | N18: PESOS | O18: 19111.84 | P18: PESOS | Q18: =Tabla_352976!A13 -> 0 | R18: 1 | S18: =Tabla_352977!A8 -> 5 | T18: =Tabla_352946!A4 -> 0 | U18: 1 | V18: =Tabla_352953!A24 -> 0 | W18: =Tabla_352963!A4 -> 0 | X18: =Tabla_352954!A4 -> 0 | Y18: =Tabla_352955!A6 -> 0 | Z18: =Tabla_352974!A8 -> 0 | AA18: =Tabla_352978!A11 -> 0 | AB18: =Tabla_352975!A4 -> 0 | AC18: =Tabla_352979!A4 -> 0 | AD18: Departamento de Recursos Humanos de la Coordinacion Administrativa | AE18: 45764
A19: 2025 | B19: 45658 | C19: 45747 | D19: Persona servidora pública | E19: 5.2 | F19: Subdirectora " A " | G19: Subdirector de Información | H19: Subdirección de Información | I19: Yuliana Berenice | J19: Chi | K19: Ramos | L19: Mujer | M19: =24499.08+2250 -> 26749.08 | N19: PESOS | O19: 19111.84 | P19: PESOS | Q19: =Tabla_352976!A13 -> 0 | R19: 1 | S19: =Tabla_352977!A8 -> 5 | T19: =Tabla_352946!A4 -> 0 | U19: 1 | V19: =Tabla_352953!A24 -> 0 | W19: =Tabla_352963!A4 -> 0 | X19: =Tabla_352954!A4 -> 0 | Y19: =Tabla_352955!A6 -> 0 | Z19: =Tabla_352974!A8 -> 0 | AA19: =Tabla_352978!A11 -> 0 | AB19: =Tabla_352975!A4 -> 0 | AC19: =Tabla_352979!A4 -> 0 | AD19: Departamento de Recursos Humanos de la Coordinacion Administrativa | AE19: 45764
A20: 2025 | B20: 45658 | C20: 45747 | D20: Persona servidora pública | E20: 5.1 | F20: Subdirectora " B " | G20: Sudirectora de Información | H20: Subdirección de Información | I20: Maritoña | J20: Quirarte | K20: Rodríguez | L20: Mujer | M20: =18355.54+2250.6 -> 20606.14 | N20: PESOS | O20: 17042.86 | P20: PESOS | Q20: =Tabla_352976!A13 -> 0 | R20: 1 | S20: =Tabla_352977!A9 -> 6 | T20: =Tabla_352946!A4 -> 0 | U20: 1 | V20: =Tabla_352953!A24 -> 0 | W20: =Tabla_352963!A4 -> 0 | X20: =Tabla_352954!A4 -> 0 | Y20: =Tabla_352955!A6 -> 0 | Z20: =Tabla_352974!A7 -> 4 | AA20: =Tabla_352978!A11 -> 0 | AB20: =Tabla_352975!A4 -> 0 | AC20: =Tabla_352979!A4 -> 0 | AD20: Departamento de Recursos Humanos de la Coordinacion Administrativa | AE20: 45764
A21: 2025 | B21: 45658 | C21: 45747 | D21: Persona servidora pública | E21: 6.2 | F21: Subdirector " C " | G21: Subdirector de Recursos Materiales | H21: Dirección Administrtiva | I21: Luis Alfonso | J21: Cardeñas | K21: Mota | L21: Hombre | M21: =16552.02+2250.6 -> 18802.62 | N21: PESOS | O21: 14110.86 | P21: PESOS | Q21: =Tabla_352976!A13 -> 0 | R21: 1 | S21: =Tabla_352977!A12 -> 9 | T21: =Tabla_352946!A4 -> 0 | U21: 1 | V21: =Tabla_352953!A24 -> 0 | W21: =Tabla_352963!A4 -> 0 | X21: =Tabla_352954!A4 -> 0 | Y21: =Tabla_352955!A6 -> 0 | Z21: =Tabla_352974!A8 -> 0 | AA21: =Tabla_352978!A11 -> 0 | AB21: =Tabla_352975!A4 -> 0 | AC21: =Tabla_352979!A4 -> 0 | AD21: Departamento de Recursos Humanos de la Coordinacion Administrativa | AE21: 45764 | AF21: Inicio en el cargo el 16/04/2023
A22: 2025 | B22: 45658 | C22: 45747 | D22: Persona servidora pública | E22: 6.2 | F22: Subdirector " C " | G22: Subdirector de Postproducción | H22: Dirección Administrtiva | I22: Henry Alexander | J22: Blanquet | K22: López | L22: Hombre | M22: =16552.02+2250.6 -> 18802.62 | N22: PESOS | O22: 15724.68 | P22: PESOS | Q22: =Tabla_352976!A13 -> 0 | R22: 1 | S22: =Tabla_352977!A10 -> 7 | T22: =Tabla_352946!A4 -> 0 | U22: 1 | V22: =Tabla_352953!A24 -> 0 | W22: =Tabla_352963!A4 -> 0 | X22: =Tabla_352954!A4 -> 0 | Y22: =Tabla_352955!A6 -> 0 | Z22: =Tabla_352974!A8 -> 0 | AA22: =Tabla_352978!A11 -> 0 | AB22: =Tabla_352975!A4 -> 0 | AC22: =Tabla_352979!A4 -> 0 | AD22: Departamento de Recursos Humanos de la Coordinacion Administrativa | AE22: 45764
A23: 2025 | B23: 45658 | C23: 45747 | D23: Persona servidora pública | E23: 7.2 | F23: Jefe (a) de Departamento " B " | G23: Jefe de Depto. De Transmisión y Enlaces | H23: Subdirección Técnico | I23: Miguel | J23: Ramírez | K23: Alvárez | L23: Hombre | M23: =13452.68+2250.6 -> 15703.28 | N23: PESOS | O23: 12185.46 | P23: PESOS | Q23: =Tabla_352976!A13 -> 0 | R23: 1 | S23: =Tabla_352977!A16 -> 13 | T23: =Tabla_352946!A4 -> 0 | U23: 1 | V23: =Tabla_352953!A23 -> 20 | W23: =Tabla_352963!A4 -> 0 | X23: =Tabla_352954!A4 -> 0 | Y23: =Tabla_352955!A5 -> 2 | Z23: =Tabla_352974!A8 -> 0 | AA23: =Tabla_352978!A11 -> 0 | AB23: =Tabla_352975!A4 -> 0 | AC23: =Tabla_352979!A4 -> 0 | AD23: Departamento de Recursos Humanos de la Coordinacion Administrativa | AE23: 45764
A24: 2025 | B24: 45658 | C24: 45747 | D24: Persona servidora pública | E24: 7.2 | F24: Jefe (a) de Departamento " B " | G24: Jefe de Depto. De Archivo de Concentración | H24: Dirección General | I24: Celina | J24: Cienfuegos | K24: Martínez | L24: Mujer | M24: =13452.68+2250.6 -> 15703.28 | N24: PESOS | O24: 12185.45 | P24: PESOS | Q24: =Tabla_352976!A60 -> 0 | R24: 1 | S24: =Tabla_352977!A16 -> 13 | T24: =Tabla_352946!A4 -> 0 | U24: 1 | V24: =Tabla_352953!A24 -> 0 | W24: =Tabla_352963!A4 -> 0 | X24: =Tabla_352954!A4 -> 0 | Y24: =Tabla_352955!A6 -> 0 | Z24: =Tabla_352974!A8 -> 0 | AA24: =Tabla_352978!A11 -> 0 | AB24: =Tabla_352975!A4 -> 0 | AC24: =Tabla_352979!A4 -> 0 | AD24: Departamento de Recursos Humanos de la Coordinacion Administrativa | AE24: 45764
A25: 2025 | B25: 45658 | C25: 45747 | D25: Persona servidora pública | E25: 7.2 | F25: Jefe (a) de Departamento " B " | G25: Jefe de Depto. De Mantenimiento | H25: Subdirección Técnico | I25: José Armando | J25: Ramírez | K25: Herrera | L25: Hombre | M25: =13452.68+2250.6 -> 15703.28 | N25: PESOS | O25: 13497.1 | P25: PESOS | Q25: =Tabla_352976!A13 -> 0 | R25: 1 | S25: =Tabla_352977!A13 -> 10 | T25: =Tabla_352946!A4 -> 0 | U25: 1 | V25: =Tabla_352953!A23 -> 20 | W25: =Tabla_352963!A4 -> 0 | X25: =Tabla_352954!A4 -> 0 | Y25: =Tabla_352955!A5 -> 2 | Z25: =Tabla_352974!A8 -> 0 | AA25: =Tabla_352978!A11 -> 0 | AB25: =Tabla_352975!A4 -> 0 | AC25: =Tabla_352979!A4 -> 0 | AD25: Departamento de Recursos Humanos de la Coordinacion Administrativa | AE25: 45764
A26: 2025 | B26: 45658 | C26: 45747 | D26: Persona servidora pública | E26: 7.2 | F26: Jefe (a) de Departamento " B " | G26: Jefe de Deprto. De Sistema de Redes | H26: Dirección General | I26: Miguel Angel | J26: León | K26: López | L26: Hombre | M26: =13452.68+2250.6 -> 15703.28 | N26: PESOS | O26: 13497.1 | P26: PESOS | Q26: =Tabla_352976!A13 -> 0 | R26: 1 | S26: =Tabla_352977!A13 -> 10 | T26: =Tabla_352946!A4 -> 0 | U26: 1 | V26: =Tabla_352953!A24 -> 0 | W26: =Tabla_352963!A4 -> 0 | X26: =Tabla_352954!A4 -> 0 | Y26: =Tabla_352955!A5 -> 2 | Z26: =Tabla_352974!A8 -> 0 | AA26: =Tabla_352978!A11 -> 0 | AB26: =Tabla_352975!A4 -> 0 | AC26: =Tabla_352979!A4 -> 0 | AD26: Departamento de Recursos Humanos de la Coordinacion Administrativa | AE26: 45764
A27: 2025 | B27: 45658 | C27: 45747 | D27: Persona servidora pública | E27: 7.2 | F27: Jefe (a) de Departamento " B " | G27: Jefe de Deprto. De Preproducción | H27: Subdirección de Producción | I27: José Francisco | J27: Cahuich | K27: Nahuat | L27: Hombre | M27: =13452.68+2250.6 -> 15703.28 | N27: PESOS | O27: 13497.1 | P27: PESOS | Q27: =Tabla_352976!A13 -> 0 | R27: 1 | S27: =Tabla_352977!A13 -> 10 | T27: =Tabla_352946!A4 -> 0 | U27: 1 | V27: =Tabla_352953!A24 -> 0 | W27: =Tabla_352963!A4 -> 0 | X27: =Tabla_352954!A4 -> 0 | Y27: =Tabla_352955!A5 -> 2 | Z27: =Tabla_352974!A8 -> 0 | AA27: =Tabla_352978!A11 -> 0 | AB27: =Tabla_352975!A4 -> 0 | AC27: =Tabla_352979!A4 -> 0 | AD27: Departamento de Recursos Humanos de la Coordinacion Administrativa | AE27: 45764
A28: 2025 | B28: 45658 | C28: 45747 | D28: Persona servidora pública | E28: 7.2 | F28: Jefe (a) de Departamento " B " | G28: Jefe de Deprto. De Redacción | H28: Subdirección de Información | I28: Teresa del Carmen | J28: Canché | K28: Chi | L28: Mujer | M28: =13452.68+2250.6 -> 15703.28 | N28: PESOS | O28: 13497.1 | P28: PESOS | Q28: =Tabla_352976!A13 -> 0 | R28: 1 | S28: =Tabla_352977!A13 -> 10 | T28: =Tabla_352946!A4 -> 0 | U28: 1 | V28: =Tabla_352953!A24 -> 0 | W28: =Tabla_352963!A4 -> 0 | X28: =Tabla_352954!A4 -> 0 | Y28: =Tabla_352955!A6 -> 0 | Z28: =Tabla_352974!A8 -> 0 | AA28: =Tabla_352978!A11 -> 0 | AB28: =Tabla_352975!A4 -> 0 | AC28: =Tabla_352979!A4 -> 0 | AD28: Departamento de Recursos Humanos de la Coordinacion Administrativa | AE28: 45764
A29: 2025 | B29: 45658 | C29: 45747 | D29: Persona servidora pública | E29: 7.2 | F29: Jefe (a) de Departamento " B " | G29: Jefe de Deprto. De Correctora de Estilos | H29: Subdirección de Información | I29: Silvia Azalea | J29: Sarmiento | K29: Carrillo | L29: Mujer | M29: =13452.68+2250.6 -> 15703.28 | N29: PESOS | O29: 13497.1 | P29: PESOS | Q29: =Tabla_352976!A13 -> 0 | R29: 1 | S29: =Tabla_352977!A13 -> 10 | T29: =Tabla_352946!A4 -> 0 | U29: 1 | V29: =Tabla_352953!A24 -> 0 | W29: =Tabla_352963!A4 -> 0 | X29: =Tabla_352954!A4 -> 0 | Y29: =Tabla_352955!A6 -> 0 | Z29: =Tabla_352974!A8 -> 0 | AA29: =Tabla_352978!A11 -> 0 | AB29: =Tabla_352975!A4 -> 0 | AC29: =Tabla_352979!A4 -> 0 | AD29: Departamento de Recursos Humanos de la Coordinacion Administrativa | AE29: 45764
A30: 2025 | B30: 45658 | C30: 45747 | D30: Persona servidora pública | E30: 7.2 | F30: Jefe (a) de Departamento " B " | G30: Jefe de Deprto. De Producción | H30: Subdirección de Producción | I30: Marco Antonio | J30: Aguilar | K30: Acate | L30: Hombre | M30: =13452.68+2250.6 -> 15703.28 | N30: PESOS | O30: 12185.46 | P30: PESOS | Q30: =Tabla_352976!A13 -> 0 | R30: 1 | S30: =Tabla_352977!A13 -> 10 | T30: =Tabla_352946!A4 -> 0 | U30: 1 | V30: =Tabla_352953!A24 -> 0 | W30: =Tabla_352963!A4 -> 0 | X30: =Tabla_352954!A4 -> 0 | Y30: =Tabla_352955!A5 -> 2 | Z30: =Tabla_352974!A8 -> 0 | AA30: =Tabla_352978!A11 -> 0 | AB30: =Tabla_352975!A4 -> 0 | AC30: =Tabla_352979!A4 -> 0 | AD30: Departamento de Recursos Humanos de la Coordinacion Administrativa | AE30: 45764
A31: 2025 | B31: 45658 | C31: 45747 | D31: Persona servidora pública | E31: 7.1 | F31: Jefe (a) de Departamento " C " | G31: Jefe de Deprto. De Relaciones Públicas | H31: Dirección General | I31: Landy Sayde | J31: Pardiñas | K31: Sayde | L31: Mujer | M31: =12432.65+2250.6 -> 14683.25 | N31: PESOS | O31: 12727.38 | P31: PESOS | Q31: =Tabla_352976!A13 -> 0 | R31: 1 | S31: =Tabla_352977!A14 -> 11 | T31: =Tabla_352946!A4 -> 0 | U31: 1 | V31: =Tabla_352953!A24 -> 0 | W31: =Tabla_352963!A4 -> 0 | X31: =Tabla_352954!A4 -> 0 | Y31: =Tabla_352955!A6 -> 0 | Z31: =Tabla_352974!A8 -> 0 | AA31: =Tabla_352978!A11 -> 0 | AB31: =Tabla_352975!A4 -> 0 | AC31: =Tabla_352979!A4 -> 0 | AD31: Departamento de Recursos Humanos de la Coordinacion Administrativa | AE31: 45764 | AF31: Inicio en el cargo el 01/09/2020
A32: 2025 | B32: 45658 | C32: 45747 | D32: Persona servidora pública | E32: 8.2 | F32: Editor ( a ) | G32: Editor | H32: Subdirección de Información | I32: Ricardo Josué | J32: Tun | K32: Hernandez | L32: Hombre | M32: =11951.48+2250.6 -> 14202.08 | N32: PESOS | O32: 12345.66 | P32: PESOS | Q32: =Tabla_352976!A13 -> 0 | R32: 1 | S32: =Tabla_352977!A15 -> 12 | T32: =Tabla_352946!A4 -> 0 | U32: 1 | V32: =Tabla_352953!A24 -> 0 | W32: =Tabla_352963!A4 -> 0 | X32: =Tabla_352954!A4 -> 0 | Y32: =Tabla_352955!A5 -> 2 | Z32: =Tabla_352974!A8 -> 0 | AA32: =Tabla_352978!A11 -> 0 | AB32: =Tabla_352975!A4 -> 0 | AC32: =Tabla_352979!A4 -> 0 | AD32: Departamento de Recursos Humanos de la Coordinacion Administrativa | AE32: 45764
A33: 2025 | B33: 45658 | C33: 45747 | D33: Persona servidora pública | E33: 8.2 | F33: Productor (a) | G33: Productora | H33: Subdirección de Producción | I33: Susana Maribel | J33: Marentes | K33: Sánchez | L33: Mujer | M33: =11951.48+2250.6 -> 14202.08 | N33: PESOS | O33: 11180.39 | P33: PESOS | Q33: =Tabla_352976!A13 -> 0 | R33: 1 | S33: =Tabla_352977!A19 -> 16 | T33: =Tabla_352946!A4 -> 0 | U33: 1 | V33: =Tabla_352953!A24 -> 0 | W33: =Tabla_352963!A4 -> 0 | X33: =Tabla_352954!A4 -> 0 | Y33: =Tabla_352955!A6 -> 0 | Z33: =Tabla_352974!A8 -> 0 | AA33: =Tabla_352978!A11 -> 0 | AB33: =Tabla_352975!A4 -> 0 | AC33: =Tabla_352979!A4 -> 0 | AD33: Departamento de Recursos Humanos de la Coordinacion Administrativa | AE33: 45764
A34: 2025 | B34: 45658 | C34: 45747 | D34: Persona servidora pública | E34: 9.2 | F34: Productor (a) | G34: Productora | H34: Subdirección de Producción | I34: Ediltha María | J34: Castillo | K34: Cervera | L34: Mujer | M34: =12818.7+511.5 -> 13330.2 | N34: PESOS | O34: 11335.1 | P34: PESOS | Q34: =Tabla_352976!A13 -> 0 | R34: 1 | S34: =Tabla_352977!A18 -> 15 | T34: =Tabla_352946!A4 -> 0 | U34: 1 | V34: =Tabla_352953!A24 -> 0 | W34: =Tabla_352963!A4 -> 0 | X34: =Tabla_352954!A4 -> 0 | Y34: =Tabla_352955!A4 -> 1 | Z34: =Tabla_352974!A8 -> 0 | AA34: =Tabla_352978!A11 -> 0 | AB34: =Tabla_352975!A4 -> 0 | AC34: =Tabla_352979!A4 -> 0 | AD34: Departamento de Recursos Humanos de la Coordinacion Administrativa | AE34: 45764
A35: 2025 | B35: 45658 | C35: 45747 | D35: Persona servidora pública | E35: 9.2 | F35: Analista | G35: Analista | H35: Subdirección de Videoteca | I35: Addy Caridad | J35: Sánchez | K35: Suárez | L35: Mujer | M35: =12818.7+511.5 -> 13330.2 | N35: PESOS | O35: 11335.1 | P35: PESOS | Q35: =Tabla_352976!A13 -> 0 | R35: 1 | S35: =Tabla_352977!A18 -> 15 | T35: =Tabla_352946!A4 -> 0 | U35: 1 | V35: =Tabla_352953!A17 -> 14 | W35: =Tabla_352963!A4 -> 0 | X35: =Tabla_352954!A4 -> 0 | Y35: =Tabla_352955!A4 -> 1 | Z35: =Tabla_352974!A8 -> 0 | AA35: =Tabla_352978!A11 -> 0 | AB35: =Tabla_352975!A4 -> 0 | AC35: =Tabla_352979!A4 -> 0 | AD35: Departamento de Recursos Humanos de la Coordinacion Administrativa | AE35: 45764
A36: 2025 | B36: 45658 | C36: 45747 | D36: Persona servidora pública | E36: 9.2 | F36: Productor (a) | G36: Productora | H36: Subdirección de Producción | I36: Claudia Lilian | J36: Ávila | K36: Cañetas | L36: Mujer | M36: =12818.7+511.5 -> 13330.2 | N36: PESOS | O36: 11335.1 | P36: PESOS | Q36: =Tabla_352976!A13 -> 0 | R36: 1 | S36: =Tabla_352977!A18 -> 15 | T36: =Tabla_352946!A4 -> 0 | U36: 1 | V36: =Tabla_352953!A24 -> 0 | W36: =Tabla_352963!A4 -> 0 | X36: =Tabla_352954!A4 -> 0 | Y36: =Tabla_352955!A4 -> 1 | Z36: =Tabla_352974!A8 -> 0 | AA36: =Tabla_352978!A11 -> 0 | AB36: =Tabla_352975!A4 -> 0 | AC36: =Tabla_352979!A4 -> 0 | AD36: Departamento de Recursos Humanos de la Coordinacion Administrativa | AE36: 45764
A37: 2025 | B37: 45658 | C37: 45747 | D37: Persona servidora pública | E37: 9.2 | F37: Reportera (o) | G37: Reportera | H37: Subdirección de Información | I37: Brenda Lizette | J37: Martínez | K37: González | L37: Mujer | M37: =12818.7+511.5 -> 13330.2 | N37: PESOS | O37: 10085.28 | P37: PESOS | Q37: =Tabla_352976!A13 -> 0 | R37: 1 | S37: =Tabla_352977!A22 -> 19 | T37: =Tabla_352946!A4 -> 0 | U37: 1 | V37: =Tabla_352953!A24 -> 0 | W37: =Tabla_352963!A4 -> 0 | X37: =Tabla_352954!A4 -> 0 | Y37: =Tabla_352955!A4 -> 1 | Z37: =Tabla_352974!A8 -> 0 | AA37: =Tabla_352978!A11 -> 0 | AB37: =Tabla_352975!A4 -> 0 | AC37: =Tabla_352979!A4 -> 0 | AD37: Departamento de Recursos Humanos de la Coordinacion Administrativa | AE37: 45764
A38: 2025 | B38: 45658 | C38: 45747 | D38: Persona servidora pública | E38: 9.2 | F38: Reportera (o) | G38: Reportera | H38: Subdirección de Información | I38: Carolina de la Cruz | J38: Pacheco | K38: Ic | L38: Mujer | M38: =12818.7+511.5 -> 13330.2 | N38: PESOS | O38: 11335.1 | P38: PESOS | Q38: =Tabla_352976!A13 -> 0 | R38: 1 | S38: =Tabla_352977!A18 -> 15 | T38: =Tabla_352946!A4 -> 0 | U38: 1 | V38: =Tabla_352953!A18 -> 15 | W38: =Tabla_352963!A34 -> 0 | X38: =Tabla_352954!A4 -> 0 | Y38: =Tabla_352955!A4 -> 1 | Z38: =Tabla_352974!A8 -> 0 | AA38: =Tabla_352978!A11 -> 0 | AB38: =Tabla_352975!A4 -> 0 | AC38: =Tabla_352979!A4 -> 0 | AD38: Departamento de Recursos Humanos de la Coordinacion Administrativa | AE38: 45764 | AF38: Inicio en el cargo el 01/09/2020
A39: 2025 | B39: 45658 | C39: 45747 | D39: Persona servidora pública | E39: 9.1 | F39: Analista | G39: Analista | H39: Dirección Administrtiva | I39: Vianey Lluridia | J39: Canul | K39: Trujeque | L39: Mujer | M39: =9853.06+511.5 -> 10364.56 | N39: PESOS | O39: 8950.22 | P39: PESOS | Q39: =Tabla_352976!A13 -> 0 | R39: 1 | S39: =Tabla_352977!A26 -> 23 | T39: =Tabla_352946!A4 -> 0 | U39: 1 | V39: =Tabla_352953!A20 -> 17 | W39: =Tabla_352963!A4 -> 0 | X39: =Tabla_352954!A4 -> 0 | Y39: =Tabla_352955!A4 -> 1 | Z39: =Tabla_352974!A8 -> 0 | AA39: =Tabla_352978!A11 -> 0 | AB39: =Tabla_352975!A4 -> 0 | AC39: =Tabla_352979!A4 -> 0 | AD39: Departamento de Recursos Humanos de la Coordinacion Administrativa | AE39: 45764
A40: 2025 | B40: 45658 | C40: 45747 | D40: Persona servidora pública | E40: 9.1 | F40: Productor (a) | G40: Productora | H40: Subdirección de Producción | I40: Ivana Sarai | J40: Jiménez | K40: Beltrán | L40: Mujer | M40: =9853.06+511.5 -> 10364.56 | N40: PESOS | O40: 8950.22 | P40: PESOS | Q40: =Tabla_352976!A13 -> 0 | R40: 1 | S40: =Tabla_352977!A26 -> 23 | T40: =Tabla_352946!A4 -> 0 | U40: 1 | V40: =Tabla_352953!A24 -> 0 | W40: =Tabla_352963!A4 -> 0 | X40: =Tabla_352954!A4 -> 0 | Y40: =Tabla_352955!A4 -> 1 | Z40: =Tabla_352974!A8 -> 0 | AA40: =Tabla_352978!A11 -> 0 | AB40: =Tabla_352975!A4 -> 0 | AC40: =Tabla_352979!A4 -> 0 | AD40: Departamento de Recursos Humanos de la Coordinacion Administrativa | AE40: 45764
A41: 2025 | B41: 45658 | C41: 45747 | D41: Persona servidora pública | E41: 9.1 | F41: Productor (a) | G41: Productor | H41: Subdirección de Producción | I41: Roger Alberto | J41: Martínez | K41: Yan | L41: Hombre | M41: =9853.06+511.5 -> 10364.56 | N41: PESOS | O41: 8950.22 | P41: PESOS | Q41: =Tabla_352976!A13 -> 0 | R41: 1 | S41: =Tabla_352977!A26 -> 23 | T41: =Tabla_352946!A4 -> 0 | U41: 1 | V41: =Tabla_352953!A24 -> 0 | W41: =Tabla_352963!A4 -> 0 | X41: =Tabla_352954!A4 -> 0 | Y41: =Tabla_352955!A4 -> 1 | Z41: =Tabla_352974!A8 -> 0 | AA41: =Tabla_352978!A11 -> 0 | AB41: =Tabla_352975!A4 -> 0 | AC41: =Tabla_352979!A4 -> 0 | AD41: Departamento de Recursos Humanos de la Coordinacion Administrativa | AE41: 45764
A42: 2025 | B42: 45658 | C42: 45747 | D42: Persona servidora pública | F42: Camarógrafo (a) "A" | G42: Camarógrafo | H42: Subdirección Técnico | I42: Jorge Martín | J42: Pérez | K42: Aké | L42: Hombre | M42: =586.35*30 -> 17590.5 | N42: PESOS | O42: 15112.53 | P42: PESOS | Q42: =Tabla_352976!A4 -> 1 | R42: 1 | S42: =Tabla_352977!A11 -> 8 | T42: =Tabla_352946!A4 -> 0 | U42: 1 | V42: =Tabla_352953!A24 -> 0 | W42: =Tabla_352963!A4 -> 0 | X42: =Tabla_352954!A4 -> 0 | Y42: =Tabla_352955!A5 -> 2 | Z42: =Tabla_352974!A8 -> 0 | AA42: =Tabla_352978!A11 -> 0 | AB42: =Tabla_352975!A4 -> 0 | AC42: =Tabla_352979!A4 -> 0 | AD42: Departamento de Recursos Humanos de la Coordinacion Administrativa | AE42: 45764
A43: 2025 | B43: 45658 | C43: 45747 | D43: Persona servidora pública | F43: Switcher | G43: Switcher | H43: Subdirección de Producción | I43: Iván | J43: González | K43: Jiménez | L43: Hombre | M43: =425.15*30 -> 12754.5 | N43: PESOS | O43: 11321.45 | P43: PESOS | Q43: =Tabla_352976!A5 -> 2 | R43: 1 | S43: =Tabla_352977!A17 -> 14 | T43: =Tabla_352946!A4 -> 0 | U43: 1 | V43: =Tabla_352953!A24 -> 0 | W43: =Tabla_352963!A4 -> 0 | X43: =Tabla_352954!A4 -> 0 | Y43: =Tabla_352955!A5 -> 2 | Z43: =Tabla_352974!A8 -> 0 | AA43: =Tabla_352978!A11 -> 0 | AB43: =Tabla_352975!A4 -> 0 | AC43: =Tabla_352979!A4 -> 0 | AD43: Departamento de Recursos Humanos de la Coordinacion Administrativa | AE43: 45764 | AF43: Ocupa el puesto de Switcher a partir del 07/08/2018
A44: 2025 | B44: 45658 | C44: 45747 | D44: Persona servidora pública | F44: Editor (a) | G44: Editor | H44: Subdirección de Producción | I44: Enrique Bernardino | J44: Perera | K44: Herrera | L44: Hombre | M44: =425.15*30 -> 12754.5 | N44: PESOS | O44: 11321.45 | P44: PESOS | Q44: =Tabla_352976!A5 -> 2 | R44: 1 | S44: =Tabla_352977!A17 -> 14 | T44: =Tabla_352946!A4 -> 0 | U44: 1 | V44: =Tabla_352953!A24 -> 0 | W44: =Tabla_352963!A4 -> 0 | X44: =Tabla_352954!A4 -> 0 | Y44: =Tabla_352955!A5 -> 2 | Z44: =Tabla_352974!A8 -> 0 | AA44: =Tabla_352978!A11 -> 0 | AB44: =Tabla_352975!A4 -> 0 | AC44: =Tabla_352979!A4 -> 0 | AD44: Departamento de Recursos Humanos de la Coordinacion Administrativa | AE44: 45764
A45: 2025 | B45: 45658 | C45: 45747 | D45: Persona servidora pública | F45: Editor (a) | G45: Editor | H45: Subdirección de Producción | I45: Jesús Roman | J45: Castillo | K45: Tolosa | L45: Hombre | M45: =425.15*30 -> 12754.5 | N45: PESOS | O45: 11321.45 | P45: PESOS | Q45: =Tabla_352976!A5 -> 2 | R45: 1 | S45: =Tabla_352977!A17 -> 14 | T45: =Tabla_352946!A4 -> 0 | U45: 1 | V45: =Tabla_352953!A6 -> 3 | W45: =Tabla_352963!A4 -> 0 | X45: =Tabla_352954!A4 -> 0 | Y45: =Tabla_352955!A6 -> 0 | Z45: =Tabla_352974!A8 -> 0 | AA45: =Tabla_352978!A11 -> 0 | AB45: =Tabla_352975!A4 -> 0 | AC45: =Tabla_352979!A4 -> 0 | AD45: Departamento de Recursos Humanos de la Coordinacion Administrativa | AE45: 45764
A46: 2025 | B46: 45658 | C46: 45747 | D46: Persona servidora pública | F46: Editor (a) | G46: Editor | H46: Subdirección de Información | I46: Ramón Jesús | J46: Chiquini | K46: Pech | L46: Hombre | M46: =425.15*30 -> 12754.5 | N46: PESOS | O46: 11321.45 | P46: PESOS | Q46: =Tabla_352976!A5 -> 2 | R46: 1 | S46: =Tabla_352977!A17 -> 14 | T46: =Tabla_352946!A4 -> 0 | U46: 1 | V46: =Tabla_352953!A6 -> 3 | W46: =Tabla_352963!A4 -> 0 | X46: =Tabla_352954!A4 -> 0 | Y46: =Tabla_352955!A5 -> 2 | Z46: =Tabla_352974!A8 -> 0 | AA46: =Tabla_352978!A11 -> 0 | AB46: =Tabla_352975!A4 -> 0 | AC46: =Tabla_352979!A4 -> 0 | AD46: Departamento de Recursos Humanos de la Coordinacion Administrativa | AE46: 45764
A47: 2025 | B47: 45658 | C47: 45747 | D47: Persona servidora pública | F47: Editor (a) | G47: Editor | H47: Subdirección de Producción | I47: Abel | J47: Chuc | K47: Yerbes | L47: Hombre | M47: =425.15*30 -> 12754.5 | N47: PESOS | O47: 11321.45 | P47: PESOS | Q47: =Tabla_352976!A5 -> 2 | R47: 1 | S47: =Tabla_352977!A17 -> 14 | T47: =Tabla_352946!A4 -> 0 | U47: 1 | V47: =Tabla_352953!A6 -> 3 | W47: =Tabla_352963!A4 -> 0 | X47: =Tabla_352954!A4 -> 0 | Y47: =Tabla_352955!A5 -> 2 | Z47: =Tabla_352974!A8 -> 0 | AA47: =Tabla_352978!A11 -> 0 | AB47: =Tabla_352975!A4 -> 0 | AC47: =Tabla_352979!A4 -> 0 | AD47: Departamento de Recursos Humanos de la Coordinacion Administrativa | AE47: 45764
A48: 2025 | B48: 45658 | C48: 45747 | D48: Persona servidora pública | F48: Editor (a) | G48: Editor | H48: Subdirección de Información | I48: Rigo Omar | J48: Vega | K48: Burgos | L48: Hombre | M48: =425.15*30 -> 12754.5 | N48: PESOS | O48: 11321.45 | P48: PESOS | Q48: =Tabla_352976!A5 -> 2 | R48: 1 | S48: =Tabla_352977!A17 -> 14 | T48: =Tabla_352946!A4 -> 0 | U48: 1 | V48: =Tabla_352953!A24 -> 0 | W48: =Tabla_352963!A4 -> 0 | X48: =Tabla_352954!A4 -> 0 | Y48: =Tabla_352955!A5 -> 2 | Z48: =Tabla_352974!A8 -> 0 | AA48: =Tabla_352978!A11 -> 0 | AB48: =Tabla_352975!A4 -> 0 | AC48: =Tabla_352979!A4 -> 0 | AD48: Departamento de Recursos Humanos de la Coordinacion Administrativa | AE48: 45764
A49: 2025 | B49: 45658 | C49: 45747 | D49: Persona servidora pública | F49: Camarógrafo (a) "B" | G49: Camarógrafo | H49: Subdirección Técnico | I49: José Luis | J49: Espinosa | K49: Uc | L49: Hombre | M49: =382.4*30 -> 11472 | N49: PESOS | O49: 10270.88 | P49: PESOS | Q49: =Tabla_352976!A6 -> 3 | R49: 1 | S49: =Tabla_352977!A20 -> 17 | T49: =Tabla_352946!A4 -> 0 | U49: 1 | V49: =Tabla_352953!A10 -> 7 | W49: =Tabla_352963!A4 -> 0 | X49: =Tabla_352954!A4 -> 0 | Y49: =Tabla_352955!A5 -> 2 | Z49: =Tabla_352974!A4 -> 1 | AA49: =Tabla_352978!A11 -> 0 | AB49: =Tabla_352975!A4 -> 0 | AC49: =Tabla_352979!A4 -> 0 | AD49: Departamento de Recursos Humanos de la Coordinacion Administrativa | AE49: 45764
A50: 2025 | B50: 45658 | C50: 45747 | D50: Persona servidora pública | F50: Camarógrafo (a) "B" | G50: Camarógrafo | H50: Subdirección Técnico | I50: Bernardo Oliverio | J50: Escalante | K50: Canto | L50: Hombre | M50: =382.4*30 -> 11472 | N50: PESOS | O50: 10270.88 | P50: PESOS | Q50: =Tabla_352976!A6 -> 3 | R50: 1 | S50: =Tabla_352977!A20 -> 17 | T50: =Tabla_352946!A4 -> 0 | U50: 1 | V50: =Tabla_352953!A8 -> 5 | W50: =Tabla_352963!A4 -> 0 | X50: =Tabla_352954!A4 -> 0 | Y50: =Tabla_352955!A5 -> 2 | Z50: =Tabla_352974!A8 -> 0 | AA50: =Tabla_352978!A11 -> 0 | AB50: =Tabla_352975!A4 -> 0 | AC50: =Tabla_352979!A4 -> 0 | AD50: Departamento de Recursos Humanos de la Coordinacion Administrativa | AE50: 45764
A51: 2025 | B51: 45658 | C51: 45747 | D51: Persona servidora pública | F51: Camarógrafo (a) "B" | G51: Camarógrafo | H51: Subdirección Técnico | I51: Francisco Esteban | J51: Martínez | K51: Díaz | L51: Hombre | M51: =382.4*30 -> 11472 | N51: PESOS | O51: 10270.88 | P51: PESOS | Q51: =Tabla_352976!A6 -> 3 | R51: 1 | S51: =Tabla_352977!A20 -> 17 | T51: =Tabla_352946!A4 -> 0 | U51: 1 | V51: =Tabla_352953!A24 -> 0 | W51: =Tabla_352963!A4 -> 0 | X51: =Tabla_352954!A4 -> 0 | Y51: =Tabla_352955!A5 -> 2 | Z51: =Tabla_352974!A8 -> 0 | AA51: =Tabla_352978!A11 -> 0 | AB51: =Tabla_352975!A4 -> 0 | AC51: =Tabla_352979!A4 -> 0 | AD51: Departamento de Recursos Humanos de la Coordinacion Administrativa | AE51: 45764
A52: 2025 | B52: 45658 | C52: 45747 | D52: Persona servidora pública | F52: Camarógrafo (a) "B" | G52: Camarógrafo | H52: Subdirección Técnico | I52: Rigoberto Rogelio | J52: Cruz | K52: Pérez | L52: Hombre | M52: =382.4*30 -> 11472 | N52: PESOS | O52: 10270.88 | P52: PESOS | Q52: =Tabla_352976!A6 -> 3 | R52: 1 | S52: =Tabla_352977!A20 -> 17 | T52: =Tabla_352946!A4 -> 0 | U52: 1 | V52: =Tabla_352953!A24 -> 0 | W52: =Tabla_352963!A4 -> 0 | X52: =Tabla_352954!A4 -> 0 | Y52: =Tabla_352955!A5 -> 2 | Z52: =Tabla_352974!A6 -> 3 | AA52: =Tabla_352978!A11 -> 0 | AB52: =Tabla_352975!A4 -> 0 | AC52: =Tabla_352979!A4 -> 0 | AD52: Departamento de Recursos Humanos de la Coordinacion Administrativa | AE52: 45764
A53: 2025 | B53: 45658 | C53: 45747 | D53: Persona servidora pública | F53: Camarógrafo (a) "B" | G53: Camarógrafo | H53: Subdirección Técnico | I53: Hugo Iván | J53: Correa | K53: Acosta | L53: Hombre | M53: =382.4*30 -> 11472 | N53: PESOS | O53: 10270.88 | P53: PESOS | Q53: =Tabla_352976!A6 -> 3 | R53: 1 | S53: =Tabla_352977!A20 -> 17 | T53: =Tabla_352946!A4 -> 0 | U53: 1 | V53: =Tabla_352953!A10 -> 7 | W53: =Tabla_352963!A4 -> 0 | X53: =Tabla_352954!A4 -> 0 | Y53: =Tabla_352955!A5 -> 2 | Z53: =Tabla_352974!A8 -> 0 | AA53: =Tabla_352978!A11 -> 0 | AB53: =Tabla_352975!A4 -> 0 | AC53: =Tabla_352979!A4 -> 0 | AD53: Departamento de Recursos Humanos de la Coordinacion Administrativa | AE53: 45764
A54: 2025 | B54: 45658 | C54: 45747 | D54: Persona servidora pública | F54: Camarógrafo (a) "B" | G54: Camarógrafo | H54: Subdirección Técnico | I54: Luis Ariel | J54: Moreno | K54: Carvajal | L54: Hombre | M54: =382.4*30 -> 11472 | N54: PESOS | O54: 10270.88 | P54: PESOS | Q54: =Tabla_352976!A6 -> 3 | R54: 1 | S54: =Tabla_352977!A20 -> 17 | T54: =Tabla_352946!A4 -> 0 | U54: 1 | V54: =Tabla_352953!A7 -> 4 | W54: =Tabla_352963!A4 -> 0 | X54: =Tabla_352954!A4 -> 0 | Y54: =Tabla_352955!A5 -> 2 | Z54: =Tabla_352974!A6 -> 3 | AA54: =Tabla_352978!A11 -> 0 | AB54: =Tabla_352975!A4 -> 0 | AC54: =Tabla_352979!A4 -> 0 | AD54: Departamento de Recursos Humanos de la Coordinacion Administrativa | AE54: 45764
A55: 2025 | B55: 45658 | C55: 45747 | D55: Persona servidora pública | F55: Camarógrafo (a) "B" | G55: Camarógrafo | H55: Subdirección Técnico | I55: Francisco Elias | J55: Novelo | K55: Vázquez | L55: Hombre | M55: =382.4*30 -> 11472 | N55: PESOS | O55: 10270.88 | P55: PESOS | Q55: =Tabla_352976!A6 -> 3 | R55: 1 | S55: =Tabla_352977!A20 -> 17 | T55: =Tabla_352946!A4 -> 0 | U55: 1 | V55: =Tabla_352953!A24 -> 0 | W55: =Tabla_352963!A4 -> 0 | X55: =Tabla_352954!A4 -> 0 | Y55: =Tabla_352955!A5 -> 2 | Z55: =Tabla_352974!A8 -> 0 | AA55: =Tabla_352978!A11 -> 0 | AB55: =Tabla_352975!A4 -> 0 | AC55: =Tabla_352979!A4 -> 0 | AD55: Departamento de Recursos Humanos de la Coordinacion Administrativa | AE55: 45764
A56: 2025 | B56: 45658 | C56: 45747 | D56: Persona servidora pública | F56: Camarógrafo (a) "B" | G56: Camarógrafo | H56: Subdirección Técnico | I56: Edgar Eulises | J56: Damian | K56: Rodríguez | L56: Hombre | M56: =382.4*30 -> 11472 | N56: PESOS | O56: 10270.88 | P56: PESOS | Q56: =Tabla_352976!A6 -> 3 | R56: 1 | S56: =Tabla_352977!A20 -> 17 | T56: =Tabla_352946!A4 -> 0 | U56: 1 | V56: =Tabla_352953!A24 -> 0 | W56: =Tabla_352963!A4 -> 0 | X56: =Tabla_352954!A4 -> 0 | Y56: =Tabla_352955!A5 -> 2 | Z56: =Tabla_352974!A8 -> 0 | AA56: =Tabla_352978!A11 -> 0 | AB56: =Tabla_352975!A4 -> 0 | AC56: =Tabla_352979!A4 -> 0 | AD56: Departamento de Recursos Humanos de la Coordinacion Administrativa | AE56: 45764 | AF56: Fecha de alta 08/08/2018
A57: 2025 | B57: 45658 | C57: 45747 | D57: Persona servidora pública | F57: Camarógrafo (a) "B" | G57: Camarógrafo | H57: Subdirección Técnico | I57: Randy Rafael | J57: Mena | K57: Chan | L57: Hombre | M57: =382.4*30 -> 11472 | N57: PESOS | O57: 10270.88 | P57: PESOS | Q57: =Tabla_352976!A6 -> 3 | R57: 1 | S57: =Tabla_352977!A20 -> 17 | T57: =Tabla_352946!A4 -> 0 | U57: 1 | V57: =Tabla_352953!A10 -> 7 | W57: =Tabla_352963!A4 -> 0 | X57: =Tabla_352954!A4 -> 0 | Y57: =Tabla_352955!A5 -> 2 | Z57: =Tabla_352974!A8 -> 0 | AA57: =Tabla_352978!A11 -> 0 | AB57: =Tabla_352975!A4 -> 0 | AC57: =Tabla_352979!A4 -> 0 | AD57: Departamento de Recursos Humanos de la Coordinacion Administrativa | AE57: 45764
A58: 2025 | B58: 45658 | C58: 45747 | D58: Persona servidora pública | F58: Camarógrafo (a) "B" | G58: Camarógrafo | H58: Subdirección Técnico | I58: Francisco Javier | J58: Alamilla | K58: Medina | L58: Hombre | M58: =382.4*30 -> 11472 | N58: PESOS | O58: 10270.88 | P58: PESOS | Q58: =Tabla_352976!A6 -> 3 | R58: 1 | S58: =Tabla_352977!A20 -> 17 | T58: =Tabla_352946!A4 -> 0 | U58: 1 | V58: =Tabla_352953!A10 -> 7 | W58: =Tabla_352963!A4 -> 0 | X58: =Tabla_352954!A4 -> 0 | Y58: =Tabla_352955!A6 -> 0 | Z58: =Tabla_352974!A8 -> 0 | AA58: =Tabla_352978!A11 -> 0 | AB58: =Tabla_352975!A4 -> 0 | AC58: =Tabla_352979!A4 -> 0 | AD58: Departamento de Recursos Humanos de la Coordinacion Administrativa | AE58: 45764
A59: 2025 | B59: 45658 | C59: 45747 | D59: Persona servidora pública | F59: Auxiliar de Transmisión | G59: Auxiliar de Transmisión | H59: Subdirección Técnico | I59: Juan Manuel | J59: Hernández | K59: Carrillo | L59: Hombre | M59: =366.3*30 -> 10989 | N59: PESOS | O59: 9876.42 | P59: PESOS | Q59: =Tabla_352976!A13 -> 0 | R59: 1 | S59: =Tabla_352977!A27 -> 0 | T59: =Tabla_352946!A4 -> 0 | U59: 1 | V59: =Tabla_352953!A24 -> 0 | W59: =Tabla_352963!A4 -> 0 | X59: =Tabla_352954!A4 -> 0 | Y59: =Tabla_352955!A6 -> 0 | Z59: =Tabla_352974!A8 -> 0 | AA59: =Tabla_352978!A11 -> 0 | AB59: =Tabla_352975!A4 -> 0 | AC59: =Tabla_352979!A4 -> 0 | AD59: Departamento de Recursos Humanos de la Coordinacion Administrativa | AE59: 45764
A60: 2025 | B60: 45658 | C60: 45747 | D60: Persona servidora pública | F60: Auxiliar de Transmisión | G60: Auxiliar de Transmisión | H60: Subdirección Técnico | I60: Jorge Enrique | J60: Rodríguez | K60: Noh | L60: Hombre | M60: =366.3*30 -> 10989 | N60: PESOS | O60: 9876.42 | P60: PESOS | Q60: =Tabla_352976!A7 -> 4 | R60: 1 | S60: =Tabla_352977!A21 -> 18 | T60: =Tabla_352946!A4 -> 0 | U60: 1 | V60: =Tabla_352953!A5 -> 2 | W60: =Tabla_352963!A4 -> 0 | X60: =Tabla_352954!A4 -> 0 | Y60: =Tabla_352955!A5 -> 2 | Z60: =Tabla_352974!A8 -> 0 | AA60: =Tabla_352978!A8 -> 5 | AB60: =Tabla_352975!A4 -> 0 | AC60: =Tabla_352979!A4 -> 0 | AD60: Departamento de Recursos Humanos de la Coordinacion Administrativa | AE60: 45764
A61: 2025 | B61: 45658 | C61: 45747 | D61: Persona servidora pública | F61: Auxiliar de Transmisión | G61: Auxiliar de Transmisión | H61: Subdirección Técnico | I61: Wilberth Gregorio | J61: Sierra | K61: Flores | L61: Hombre | M61: =366.3*30 -> 10989 | N61: PESOS | O61: 9876.42 | P61: PESOS | Q61: =Tabla_352976!A7 -> 4 | R61: 1 | S61: =Tabla_352977!A21 -> 18 | T61: =Tabla_352946!A4 -> 0 | U61: 1 | V61: =Tabla_352953!A21 -> 18 | W61: =Tabla_352963!A4 -> 0 | X61: =Tabla_352954!A4 -> 0 | Y61: =Tabla_352955!A6 -> 0 | Z61: =Tabla_352974!A8 -> 0 | AA61: =Tabla_352978!A9 -> 6 | AB61: =Tabla_352975!A4 -> 0 | AC61: =Tabla_352979!A4 -> 0 | AD61: Departamento de Recursos Humanos de la Coordinacion Administrativa | AE61: 45764
A62: 2025 | B62: 45658 | C62: 45747 | D62: Persona servidora pública | F62: Auxiliar de Transmisión | G62: Auxiliar de Transmisión | H62: Subdirección Técnico | I62: Jael Antonio | J62: Gonzalez | K62: Avila | L62: Hombre | M62: =366.3*30 -> 10989 | N62: PESOS | O62: 9876.42 | P62: PESOS | Q62: =Tabla_352976!A7 -> 4 | R62: 1 | S62: =Tabla_352977!A21 -> 18 | T62: =Tabla_352946!A4 -> 0 | U62: 1 | V62: =Tabla_352953!A21 -> 18 | W62: =Tabla_352963!A4 -> 0 | X62: =Tabla_352954!A4 -> 0 | Y62: =Tabla_352955!A6 -> 0 | Z62: =Tabla_352974!A8 -> 0 | AA62: =Tabla_352978!A10 -> 7 | AB62: =Tabla_352975!A4 -> 0 | AC62: =Tabla_352979!A4 -> 0 | AD62: Departamento de Recursos Humanos de la Coordinacion Administrativa | AE62: 45764
A63: 2025 | B63: 45658 | C63: 45747 | D63: Persona servidora pública | F63: Secretaria (o) | G63: Secretaria | H63: Subdirección de Información | I63: Gabriela de los Ángeles | J63: Tut | K63: Moreno | L63: Mujer | M63: =366.3*30 -> 10989 | N63: PESOS | O63: 9876.42 | P63: PESOS | Q63: =Tabla_352976!A7 -> 4 | R63: 1 | S63: =Tabla_352977!A21 -> 18 | T63: =Tabla_352946!A4 -> 0 | U63: 1 | V63: =Tabla_352953!A11 -> 8 | W63: =Tabla_352963!A4 -> 0 | X63: =Tabla_352954!A4 -> 0 | Y63: =Tabla_352955!A6 -> 0 | Z63: =Tabla_352974!A8 -> 0 | AA63: =Tabla_352978!A11 -> 0 | AB63: =Tabla_352975!A4 -> 0 | AC63: =Tabla_352979!A4 -> 0 | AD63: Departamento de Recursos Humanos de la Coordinacion Administrativa | AE63: 45764
A64: 2025 | B64: 45658 | C64: 45747 | D64: Persona servidora pública | F64: Secretaria (o) | G64: Secretaria | H64: Dirección Administrtiva | I64: Aurea María | J64: Domínguez | K64: Hernández | L64: Mujer | M64: =366.3*30 -> 10989 | N64: PESOS | O64: 9876.42 | P64: PESOS | Q64: =Tabla_352976!A7 -> 4 | R64: 1 | S64: =Tabla_352977!A21 -> 18 | T64: =Tabla_352946!A4 -> 0 | U64: 1 | V64: =Tabla_352953!A9 -> 6 | W64: =Tabla_352963!A4 -> 0 | X64: =Tabla_352954!A4 -> 0 | Y64: =Tabla_352955!A6 -> 0 | Z64: =Tabla_352974!A8 -> 0 | AA64: =Tabla_352978!A11 -> 0 | AB64: =Tabla_352975!A4 -> 0 | AC64: =Tabla_352979!A4 -> 0 | AD64: Departamento de Recursos Humanos de la Coordinacion Administrativa | AE64: 45764
A65: 2025 | B65: 45658 | C65: 45747 | D65: Persona servidora pública | F65: Secretaria (o) | G65: Secretaria | H65: Subdirección Técnico | I65: Susana Alejandra | J65: Tello | K65: Casanova | L65: Mujer | M65: =366.3*30 -> 10989 | N65: PESOS | O65: 9876.42 | P65: PESOS | Q65: =Tabla_352976!A7 -> 4 | R65: 1 | S65: =Tabla_352977!A21 -> 18 | T65: =Tabla_352946!A4 -> 0 | U65: 1 | V65: =Tabla_352953!A24 -> 0 | W65: =Tabla_352963!A4 -> 0 | X65: =Tabla_352954!A4 -> 0 | Y65: =Tabla_352955!A6 -> 0 | Z65: =Tabla_352974!A8 -> 0 | AA65: =Tabla_352978!A11 -> 0 | AB65: =Tabla_352975!A4 -> 0 | AC65: =Tabla_352979!A4 -> 0 | AD65: Departamento de Recursos Humanos de la Coordinacion Administrativa | AE65: 45764
A66: 2025 | B66: 45658 | C66: 45747 | D66: Persona servidora pública | F66: Secretaria (o) | G66: Secretaria | H66: Subdirección de Producción | I66: Mariela Concepción | J66: Sánchez | K66: Contreras | L66: Mujer | M66: =366.3*30 -> 10989 | N66: PESOS | O66: 9876.42 | P66: PESOS | Q66: =Tabla_352976!A7 -> 4 | R66: 1 | S66: =Tabla_352977!A21 -> 18 | T66: =Tabla_352946!A4 -> 0 | U66: 1 | V66: =Tabla_352953!A12 -> 9 | W66: =Tabla_352963!A4 -> 0 | X66: =Tabla_352954!A4 -> 0 | Y66: =Tabla_352955!A6 -> 0 | Z66: =Tabla_352974!A8 -> 0 | AA66: =Tabla_352978!A11 -> 0 | AB66: =Tabla_352975!A4 -> 0 | AC66: =Tabla_352979!A4 -> 0 | AD66: Departamento de Recursos Humanos de la Coordinacion Administrativa | AE66: 45764
A67: 2025 | B67: 45658 | C67: 45747 | D67: Persona servidora pública | F67: Operadora (o) de Video | G67: Operadora de Video | H67: Subdirección de Videoteca | I67: Leydi Guadalupe | J67: Celis | K67: Romero | L67: Mujer | M67: =366.3*30 -> 10989 | N67: PESOS | O67: 9876.42 | P67: PESOS | Q67: =Tabla_352976!A7 -> 4 | R67: 1 | S67: =Tabla_352977!A21 -> 18 | T67: =Tabla_352946!A4 -> 0 | U67: 1 | V67: =Tabla_352953!A24 -> 0 | W67: =Tabla_352963!A4 -> 0 | X67: =Tabla_352954!A4 -> 0 | Y67: =Tabla_352955!A6 -> 0 | Z67: =Tabla_352974!A8 -> 0 | AA67: =Tabla_352978!A11 -> 0 | AB67: =Tabla_352975!A4 -> 0 | AC67: =Tabla_352979!A4 -> 0 | AD67: Departamento de Recursos Humanos de la Coordinacion Administrativa | AE67: 45764
A68: 2025 | B68: 45658 | C68: 45747 | D68: Persona servidora pública | F68: Videotecario (a) | G68: Videotecario | H68: Subdirección de Videoteca | I68: Johnatan | J68: Pérez | K68: Escalante | L68: Mujer | M68: =366.3*30 -> 10989 | N68: PESOS | O68: 9876.42 | P68: PESOS | Q68: =Tabla_352976!A11 -> 8 | R68: 1 | S68: =Tabla_352977!A21 -> 18 | T68: =Tabla_352946!A4 -> 0 | U68: 1 | V68: =Tabla_352953!A24 -> 0 | W68: =Tabla_352963!A4 -> 0 | X68: =Tabla_352954!A4 -> 0 | Y68: =Tabla_352955!A5 -> 2 | Z68: =Tabla_352974!A8 -> 0 | AA68: =Tabla_352978!A11 -> 0 | AB68: =Tabla_352975!A4 -> 0 | AC68: =Tabla_352979!A4 -> 0 | AD68: Departamento de Recursos Humanos de la Coordinacion Administrativa | AE68: 45764
A69: 2025 | B69: 45658 | C69: 45747 | D69: Persona servidora pública | F69: Reportero (a) | G69: Reportero | H69: Subdirección de Información | I69: Carlos Martín | J69: Carvajal | K69: Medina | L69: Hombre | M69: =346.35*30 -> 10390.5 | N69: PESOS | O69: 9358.63 | P69: PESOS | Q69: =Tabla_352976!A8 -> 5 | R69: 1 | S69: =Tabla_352977!A23 -> 20 | T69: =Tabla_352946!A4 -> 0 | U69: 1 | V69: =Tabla_352953!A13 -> 10 | W69: =Tabla_352963!A4 -> 0 | X69: =Tabla_352954!A4 -> 0 | Y69: =Tabla_352955!A6 -> 0 | Z69: =Tabla_352974!A8 -> 0 | AA69: =Tabla_352978!A11 -> 0 | AB69: =Tabla_352975!A4 -> 0 | AC69: =Tabla_352979!A4 -> 0 | AD69: Departamento de Recursos Humanos de la Coordinacion Administrativa | AE69: 45764
A70: 2025 | B70: 45658 | C70: 45747 | D70: Persona servidora pública | F70: Reportera (o) | G70: Reportera | H70: Subdirección de Información | I70: Iliana Isabel | J70: Arroyo | K70: Garcés | L70: Mujer | M70: =346.35*30 -> 10390.5 | N70: PESOS | O70: 9358.63 | P70: PESOS | Q70: =Tabla_352976!A8 -> 5 | R70: 1 | S70: =Tabla_352977!A23 -> 20 | T70: =Tabla_352946!A4 -> 0 | U70: 1 | V70: =Tabla_352953!A15 -> 12 | W70: =Tabla_352963!A4 -> 0 | X70: =Tabla_352954!A4 -> 0 | Y70: =Tabla_352955!A6 -> 0 | Z70: =Tabla_352974!A8 -> 0 | AA70: =Tabla_352978!A11 -> 0 | AB70: =Tabla_352975!A4 -> 0 | AC70: =Tabla_352979!A4 -> 0 | AD70: Departamento de Recursos Humanos de la Coordinacion Administrativa | AE70: 45764
A71: 2025 | B71: 45658 | C71: 45747 | D71: Persona servidora pública | F71: Operador (a) de Audio | G71: Operador de Audio | H71: Subdirección Técnico | I71: Gustavo | J71: Hernández | K71: Aquino | L71: Hombre | M71: =336.65*30 -> 10099.5 | N71: PESOS | O71: 9105.11 | P71: PESOS | Q71: =Tabla_352976!A9 -> 6 | R71: 1 | S71: =Tabla_352977!A24 -> 21 | T71: =Tabla_352946!A4 -> 0 | U71: 1 | V71: =Tabla_352953!A16 -> 13 | W71: =Tabla_352963!A4 -> 0 | X71: =Tabla_352954!A4 -> 0 | Y71: =Tabla_352955!A5 -> 2 | Z71: =Tabla_352974!A8 -> 0 | AA71: =Tabla_352978!A11 -> 0 | AB71: =Tabla_352975!A4 -> 0 | AC71: =Tabla_352979!A4 -> 0 | AD71: Departamento de Recursos Humanos de la Coordinacion Administrativa | AE71: 45764
A72: 2025 | B72: 45658 | C72: 45747 | D72: Persona servidora pública | F72: Ayudante Técnico | G72: Ayudante Técnico | H72: Subdirección Técnico | I72: Henrry David | J72: Mis | K72: Cuevas | L72: Hombre | M72: =336.65*30 -> 10099.5 | N72: PESOS | O72: 9105.11 | P72: PESOS | Q72: =Tabla_352976!A12 -> 9 | R72: 1 | S72: =Tabla_352977!A24 -> 21 | T72: =Tabla_352946!A4 -> 0 | U72: 1 | V72: =Tabla_352953!A24 -> 0 | W72: =Tabla_352963!A4 -> 0 | X72: =Tabla_352954!A4 -> 0 | Y72: =Tabla_352955!A6 -> 0 | Z72: =Tabla_352974!A8 -> 0 | AA72: =Tabla_352978!A11 -> 0 | AB72: =Tabla_352975!A4 -> 0 | AC72: =Tabla_352979!A4 -> 0 | AD72: Departamento de Recursos Humanos de la Coordinacion Administrativa | AE72: 45764
A73: 2025 | B73: 45658 | C73: 45747 | D73: Persona servidora pública | F73: Ayudante Técnico | G73: Ayudante Técnico | H73: Subdirección Técnico | I73: Domingo Alexis Daniel | J73: orozco | K73: Romero | L73: Hombre | M73: =336.65*30 -> 10099.5 | N73: PESOS | O73: 9105.11 | P73: PESOS | Q73: =Tabla_352976!A9 -> 6 | R73: 1 | S73: =Tabla_352977!A24 -> 21 | T73: =Tabla_352946!A4 -> 0 | U73: 1 | V73: =Tabla_352953!A16 -> 13 | W73: =Tabla_352963!A4 -> 0 | X73: =Tabla_352954!A4 -> 0 | Y73: =Tabla_352955!A6 -> 0 | Z73: =Tabla_352974!A8 -> 0 | AA73: =Tabla_352978!A11 -> 0 | AB73: =Tabla_352975!A4 -> 0 | AC73: =Tabla_352979!A4 -> 0 | AD73: Departamento de Recursos Humanos de la Coordinacion Administrativa | AE73: 45764
A74: 2025 | B74: 45658 | C74: 45747 | D74: Persona servidora pública | F74: Recepcionista | G74: Recepcionista | H74: Dirección Administrtiva | I74: Amalia | J74: Torres | K74: Ku | L74: Mujer | M74: =336.65*30 -> 10099.5 | N74: PESOS | O74: 9105.11 | P74: PESOS | Q74: =Tabla_352976!A9 -> 6 | R74: 1 | S74: =Tabla_352977!A24 -> 21 | T74: =Tabla_352946!A4 -> 0 | U74: 1 | V74: =Tabla_352953!A24 -> 0 | W74: =Tabla_352963!A4 -> 0 | X74: =Tabla_352954!A4 -> 0 | Y74: =Tabla_352955!A6 -> 0 | Z74: =Tabla_352974!A8 -> 0 | AA74: =Tabla_352978!A11 -> 0 | AB74: =Tabla_352975!A4 -> 0 | AC74: =Tabla_352979!A4 -> 0 | AD74: Departamento de Recursos Humanos de la Coordinacion Administrativa | AE74: 45764
A75: 2025 | B75: 45658 | C75: 45747 | D75: Persona servidora pública | F75: Auxiliar Adminstrativo | G75: Auxiliar Administrativo | H75: Dirección Administrtiva | I75: Carlos Martín | J75: Pérez | L75: Hombre | M75: =336.65*30 -> 10099.5 | N75: PESOS | O75: 9105.11 | P75: PESOS | Q75: =Tabla_352976!A9 -> 6 | R75: 1 | S75: =Tabla_352977!A24 -> 21 | T75: =Tabla_352946!A4 -> 0 | U75: 1 | V75: =Tabla_352953!A22 -> 19 | W75: =Tabla_352963!A4 -> 0 | X75: =Tabla_352954!A4 -> 0 | Y75: =Tabla_352955!A5 -> 2 | Z75: =Tabla_352974!A8 -> 0 | AA75: =Tabla_352978!A4 -> 1 | AB75: =Tabla_352975!A4 -> 0 | AC75: =Tabla_352979!A4 -> 0 | AD75: Departamento de Recursos Humanos de la Coordinacion Administrativa | AE75: 45764
A76: 2025 | B76: 45658 | C76: 45747 | D76: Persona servidora pública | F76: Auxiliar Adminstrativo | G76: Auxiliar Administrativo | H76: Dirección Administrtiva | I76: Lizbeth del Carmen | J76: Rubio | K76: Contreras | L76: Mujer | M76: =336.65*30 -> 10099.5 | N76: PESOS | O76: 9105.11 | P76: PESOS | Q76: =Tabla_352976!A9 -> 6 | R76: 1 | S76: =Tabla_352977!A24 -> 21 | T76: =Tabla_352946!A4 -> 0 | U76: 1 | V76: =Tabla_352953!A16 -> 13 | W76: =Tabla_352963!A4 -> 0 | X76: =Tabla_352954!A4 -> 0 | Y76: =Tabla_352955!A6 -> 0 | Z76: =Tabla_352974!A8 -> 0 | AA76: =Tabla_352978!A6 -> 3 | AB76: =Tabla_352975!A4 -> 0 | AC76: =Tabla_352979!A4 -> 0 | AD76: Departamento de Recursos Humanos de la Coordinacion Administrativa | AE76: 45764
A77: 2025 | B77: 45658 | C77: 45747 | D77: Persona servidora pública | F77: Auxiliar Adminstrativo | G77: Auxiliar Administrativo | H77: Dirección Administrtiva | I77: José Luis | J77: Chip | K77: Cabrera | L77: Hombre | M77: =336.65*30 -> 10099.5 | N77: PESOS | O77: 9105.11 | P77: PESOS | Q77: =Tabla_352976!A9 -> 6 | R77: 1 | S77: =Tabla_352977!A24 -> 21 | T77: =Tabla_352946!A4 -> 0 | U77: 1 | V77: =Tabla_352953!A24 -> 0 | W77: =Tabla_352963!A4 -> 0 | X77: =Tabla_352954!A4 -> 0 | Y77: =Tabla_352955!A5 -> 2 | Z77: =Tabla_352974!A8 -> 0 | AA77: =Tabla_352978!A5 -> 2 | AB77: =Tabla_352975!A4 -> 0 | AC77: =Tabla_352979!A4 -> 0 | AD77: Departamento de Recursos Humanos de la Coordinacion Administrativa | AE77: 45764
A78: 2025 | B78: 45658 | C78: 45747 | D78: Persona servidora pública | F78: Auxiliar Adminstrativo | G78: Auxiliar Administrativo | H78: Dirección Administrtiva | I78: Royer del Carmen | J78: Cua | K78: Cu | L78: Hombre | M78: =336.65*30 -> 10099.5 | N78: PESOS | O78: 9105.11 | P78: PESOS | Q78: =Tabla_352976!A9 -> 6 | R78: 1 | S78: =Tabla_352977!A24 -> 21 | T78: =Tabla_352946!A4 -> 0 | U78: 1 | V78: =Tabla_352953!A14 -> 11 | W78: =Tabla_352963!A4 -> 0 | X78: =Tabla_352954!A4 -> 0 | Y78: =Tabla_352955!A6 -> 0 | Z78: =Tabla_352974!A8 -> 0 | AA78: =Tabla_352978!A7 -> 4 | AB78: =Tabla_352975!A4 -> 0 | AC78: =Tabla_352979!A4 -> 0 | AD78: Departamento de Recursos Humanos de la Coordinacion Administrativa | AE78: 45764
A79: 2025 | B79: 45658 | C79: 45747 | D79: Persona servidora pública | F79: Afanador (a) | G79: afanadora | H79: Dirección Administrtiva | I79: Holanda Lucely | J79: Ayil | K79: Dzib | L79: Mujer | M79: =325.8*30 -> 9774 | N79: PESOS | O79: 8822.62 | P79: PESOS | Q79: =Tabla_352976!A10 -> 7 | R79: 1 | S79: =Tabla_352977!A25 -> 22 | T79: =Tabla_352946!A4 -> 0 | U79: 1 | V79: =Tabla_352953!A24 -> 0 | W79: =Tabla_352963!A4 -> 0 | X79: =Tabla_352954!A4 -> 0 | Y79: =Tabla_352955!A6 -> 0 | Z79: =Tabla_352974!A8 -> 0 | AA79: =Tabla_352978!A11 -> 0 | AB79: =Tabla_352975!A4 -> 0 | AC79: =Tabla_352979!A4 -> 0 | AD79: Departamento de Recursos Humanos de la Coordinacion Administrativa | AE79: 45764
A80: 2025 | B80: 45658 | C80: 45747 | D80: Persona servidora pública | F80: Afanador (a) | G80: afanador | H80: Dirección Administrtiva | I80: Jordy de los Angeles | J80: Mora | K80: Olivares | L80: Hombre | M80: =325.8*30 -> 9774 | N80: PESOS | O80: 8822.62 | P80: PESOS | Q80: =Tabla_352976!A10 -> 7 | R80: 1 | S80: =Tabla_352977!A25 -> 22 | T80: =Tabla_352946!A4 -> 0 | U80: 1 | V80: =Tabla_352953!A24 -> 0 | W80: =Tabla_352963!A4 -> 0 | X80: =Tabla_352954!A4 -> 0 | Y80: =Tabla_352955!A5 -> 2 | Z80: =Tabla_352974!A8 -> 0 | AA80: =Tabla_352978!A11 -> 0 | AB80: =Tabla_352975!A4 -> 0 | AC80: =Tabla_352979!A4 -> 0 | AD80: Departamento de Recursos Humanos de la Coordinacion Administrativa | AE80: 45764 | AF80: Fecha de alta 16/08/2020

Sheet Hoja1

Sheet Hoja2

Sheet Hoja3

Sheet Hoja4

Sheet Hoja5

Sheet Hoja6

Sheet Hoja7

Sheet Hoja8

Sheet Hidden_1
A1: Funcionaria (o)
A2: Persona servidora pública
A3: Persona servidora pública eventual
A4: Integrante
A5: Empleada (o)
A6: Representante popular
A7: Miembro del poder judicial
A8: Miembro de órgano autónomo
A9: Personal de confianza
A10: Persona prestadora de servicios profesionales
A11: Otro

Sheet Hidden_2
A1: Hombre
A2: Mujer

Sheet Tabla_352976
B1: 2 | C1: 6 | D1: 6 | E1: 1 | F1: 1
B2: 45666 | C2: 45667 | D2: 45668 | E2: 45669 | F2: 45670
A3: ID | B3: Denominación de las percepciones adicionales en dinero | C3: Monto bruto de las percepciones adicionales en dinero | D3: Monto neto de las percepciones adicionales en dinero | E3: Tipo de moneda de las percepciones adicionales en dinero | F3: Periodicidad de las percepciones adicionales en dinero
A4: 1 | B4: GASTOS CULTURALES Y PRODUCTIVIDAD | C4: 1341.24 | D4: 1054.76 | E4: PESOS
A5: 2 | B5: GASTOS CULTURALES Y PRODUCTIVIDAD | C5: 1142.93 | D5: 938.12 | E5: PESOS | F5: MENSUAL
A6: 3 | B6: GASTOS CULTURALES Y PRODUCTIVIDAD | C6: 1090.35 | D6: 906.73 | E6: PESOS | F6: MENSUAL
A7: 4 | B7: GASTOS CULTURALES Y PRODUCTIVIDAD | C7: 1070.55 | D7: 895.21 | E7: PESOS | F7: MENSUAL
A8: 5 | B8: GASTOS CULTURALES Y PRODUCTIVIDAD | C8: 1046.02 | D8: 892.82 | E8: PESOS | F8: MENSUAL
A9: 6 | B9: GASTOS CULTURALES Y PRODUCTIVIDAD | C9: 1034.08 | D9: 889.59 | E9: PESOS | F9: MENSUAL
A10: 7 | B10: GASTOS CULTURALES Y PRODUCTIVIDAD | C10: 1020.73 | D10: 886.7 | E10: PESOS | F10: MENSUAL
A11: 8 | B11: GASTOS CULTURALES Y PRODUCTIVIDAD | C11: 950.4 | D11: 775.06 | E11: PESOS | F11: MENSUAL
A12: 9 | B12: GASTOS CULTURALES Y PRODUCTIVIDAD | C12: 868.45 | D12: 823.45
A13: 0 | B13: NINGUNA | C13: 0

Sheet Tabla_352962
B1: 2 | C1: 1
B2: 45644 | C2: 45645
A3: ID | B3: Descripción de las percepciones adicionales en especie | C3: Periodicidad de las percepciones adicionales en especie
A4: 1 | B4: VALE DE DESPENSA | C4: MENSUAL

Sheet Tabla_352977
B1: 2 | C1: 6 | D1: 6 | E1: 1 | F1: 1
B2: 45673 | C2: 45674 | D2: 45675 | E2: 45671 | F2: 45672
A3: ID | B3: Denominación de los ingresos | C3: Monto bruto de los ingresos | D3: Monto neto de los ingresos | E3: Tipo de moneda de los ingresos | F3: Periodicidad de los ingresos
A4: 1 | B4: SUELDO | C4: =64025.88+2751.88 -> 66777.76 | D4: 41938.88 | E4: PESOS | F4: QUINCENAL
A5: 2 | B5: SUELDO | C5: =29521.88+2250.6 -> 31772.48 | D5: 25027 | E5: PESOS | F5: QUINCENAL
A6: 3 | B6: SUELDO | C6: =29521.88+2250.6 -> 31772.48 | D6: 22148.62 | E6: PESOS | F6: QUINCENAL
A7: 4 | B7: SUELDO | C7: =24499.08+2250 -> 26749.08 | D7: 21500.5 | E7: PESOS | F7: QUINCENAL
A8: 5 | B8: SUELDO | C8: 26749.08 | D8: 19111.84 | E8: PESOS | F8: QUINCENAL
A9: 6 | B9: SUELDO | C9: =18355.54+2250.6 -> 20606.14 | D9: 17042.86 | E9: PESOS | F9: QUINCENAL
A10: 7 | B10: SUELDO | C10: =16552.02+2250.6 -> 18802.62 | D10: 15724.68 | E10: PESOS | F10: QUINCENAL
A11: 8 | B11: SUELDO | C11: =586.35*30 -> 17590.5 | D11: 15112.53 | E11: PESOS | F11: QUINCENAL
A12: 9 | B12: SUELDO | C12: =16552.02+2250.6 -> 18802.62 | D12: 14110.86 | E12: PESOS | F12: QUINCENAL
A13: 10 | B13: SUELDO | C13: =13452.68+2250.6 -> 15703.28 | D13: 13497.1 | E13: PESOS | F13: QUINCENAL
A14: 11 | B14: SUELDO | C14: 14683.23 | D14: 12727.37 | E14: PESOS | F14: QUINCENAL
A15: 12 | B15: SUELDO | C15: =11951.48+2250.6 -> 14202.08 | D15: 12345.66 | E15: PESOS | F15: QUINCENAL
A16: 13 | B16: SUELDO | C16: =13452.68+2250.6 -> 15703.28 | D16: 12185.46 | E16: PESOS | F16: QUINCENAL
A17: 14 | B17: SUELDO | C17: =12818.7+511.5 -> 13330.2 | D17: 11335.1 | E17: PESOS | F17: QUINCENAL
A18: 15 | B18: SUELDO | C18: 12754.5 | D18: 11321.45 | E18: PESOS | F18: QUINCENAL
A19: 16 | B19: SUELDO | C19: =11951.48+2250.6 -> 14202.08 | D19: 11180.39 | E19: PESOS | F19: QUINCENAL
A20: 17 | B20: SUELDO | C20: 11472 | D20: 10270.88 | E20: PESOS | F20: QUINCENAL
A21: 18 | B21: SUELDO | C21: =12818.7+511.5 -> 13330.2 | D21: 10085.28 | E21: PESOS | F21: QUINCENAL
A22: 19 | B22: SUELDO | C22: 10989 | D22: 9876.42 | E22: PESOS | F22: QUINCENAL
A23: 20 | B23: SUELDO | C23: 10390.5 | D23: 9358.63 | E23: PESOS | F23: QUINCENAL
A24: 21 | B24: SUELDO | C24: 10099.5 | D24: 9105.11 | E24: PESOS | F24: QUINCENAL
A25: 22 | B25: SUELDO | C25: =9853.06+511.85 -> 10364.91 | D25: 8950.22 | E25: PESOS | F25: QUINCENAL
A26: 23 | B26: SUELDO | C26: 9774 | D26: 8822.62 | E26: PESOS | F26: QUINCENAL
A27: 0 | B27: SUELDO | C27: 0 | D27: 0 | E27: PESOS | F27: QUINCENAL

Sheet Tabla_352946
B1: 1 | C1: 6 | D1: 6 | E1: 1 | F1: 1
B2: 45624 | C2: 45625 | D2: 45626 | E2: 45627 | F2: 45628
A3: ID | B3: Denominación de los sistemas de compensación | C3: Monto bruto de los sistemas de compensación | D3: Monto neto de los sistemas de compensación | E3: Tipo de moneda de los sistemas de compensación | F3: Periodicidad de los sistemas de compensación
A4: 0 | B4: NINGUNO | C4: 0 | D4: 0 | E4: MN | F4: N/A

Sheet Tabla_352966
B1: 1 | C1: 6 | D1: 6 | E1: 1 | F1: 1
B2: 45651 | C2: 45652 | D2: 45653 | E2: 45654 | F2: 45655
A3: ID | B3: Denominación de las gratificaciones | C3: Monto bruto de las gratificaciones | D3: Monto neto de las gratificaciones | E3: Tipo de moneda de las gratificaciones | F3: Periodicidad de las gratificaciones
A4: 1 | B4: AGUINALDO | C4: 0 | D4: 0 | E4: PESOS | F4: ANUAL

Sheet Tabla_352953
B1: 1 | C1: 6 | D1: 6 | E1: 1 | F1: 1
B2: 45629 | C2: 45630 | D2: 45631 | E2: 45632 | F2: 45633
A3: ID | B3: Denominación de las primas | C3: Monto bruto de las primas | D3: Monto neto de las primas | E3: Tipo de moneda de las primas | F3: Periodicidad de las primas
A4: 1 | B4: PRIMA VACACIONAL | C4: 8916.56 | D4: 6850.48 | E4: PESOS | F4: CADA 6 MESES
A5: 2 | B5: PRIMA VACACIONAL | C5: 7948.71 | D5: 7145.94 | E5: PESOS | F5: CADA 6 MESES
A6: 3 | B6: PRIMA VACACIONAL | C6: 7014.97 | D6: 5918.42 | E6: PESOS | F6: CADA 6 MESES
A7: 4 | B7: PRIMA VACACIONAL | C7: 6593.07 | D7: 5659.79 | E7: PESOS | F7: CADA 6 MESES
A8: 5 | B8: PRIMA VACACIONAL | C8: 6593.07 | D8: 5610.51 | E8: PESOS | F8: CADA 6 MESES
A9: 6 | B9: PRIMA VACACIONAL | C9: 6315.38 | D9: 5454.53 | E9: PESOS | F9: CADA 6 MESES
A10: 7 | B10: PRIMA VACACIONAL | C10: 6309.6 | D10: 5436.87 | E10: PESOS | F10: CADA 6 MESES
A11: 8 | B11: PRIMA VACACIONAL | C11: 6045.95 | D11: 5189.85 | E11: PESOS | F11: CADA 6 MESES
A12: 9 | B12: PRIMA VACACIONAL | C12: 6043.95 | D12: 5187.85 | E12: PESOS | F12: CADA 6 MESES
A13: 10 | B13: PRIMA VACACIONAL | C13: 5971.69 | D13: 5144.32 | E13: PESOS | F13: CADA 6 MESES
A14: 11 | B14: PRIMA VACACIONAL | C14: 5804.21 | D14: 5062.16 | E14: PESOS | F14: CADA 6 MESES
A15: 12 | B15: PRIMA VACACIONAL | C15: 5714.77 | D15: 5196.11 | E15: PESOS | F15: CADA 6 MESES
... A23: 20 | B23: PRIMA VACACIONAL | C23: 1345.27 | D23: 1345.27 | E23: PESOS | F23: CADA 6 MESES
A24: 0 | B24: NINGUNA | F24: N/A

Sheet Tabla_352963
B1: 1 | C1: 6 | D1: 6 | E1: 1 | F1: 1
B2: 45646 | C2: 45647 | D2: 45648 | E2: 45649 | F2: 45650
A3: ID | B3: Denominación de las comisiones | C3: Monto bruto de las comisiones | D3: Monto neto de las comisiones | E3: Tipo de moneda de las comisiones | F3: Periodicidad de las comisiones
A4: 0 | B4: N/A | C4: 0 | D4: 0 | E4: MN | F4: N/A

Sheet Tabla_352954
B1: 1 | C1: 6 | D1: 6 | E1: 1 | F1: 1
B2: 45634 | C2: 45635 | D2: 45636 | E2: 45637 | F2: 45638
A3: ID | B3: Denominación de las dietas | C3: Monto bruto de las dietas | D3: Monto neto de las dietas | E3: Tipo de moneda de las dietas | F3: Periodicidad de las dietas
A4: 0 | B4: N/A

Sheet Tabla_352955
B1: 1 | C1: 6 | D1: 6 | E1: 1 | F1: 1
B2: 45639 | C2: 45640 | D2: 45641 | E2: 45642 | F2: 45643
A3: ID | B3: Denominación de los bonos | C3: Monto bruto de los bonos | D3: Monto neto de los bonos | E3: Tipo de moneda de los bonos | F3: Periodicidad de los bonos
A4: 1 | B4: BONO DE UTILES ESCOLARES | C4: 700 | D4: 700
A5: 2 | B5: BONO DIA DEL PADRE | C5: 400 | D5: 400
A6: 0 | B6: NINGUNA | C6: 0 | D6: 0

Sheet Tabla_352974
B1: 1 | C1: 6 | D1: 6 | E1: 1 | F1: 1
B2: 45656 | C2: 45657 | D2: 45658 | E2: 45659 | F2: 45660
A3: ID | B3: Denominación de los estímulos | C3: Monto bruto de los estímulos | D3: Monto neto de los estímulos | E3: Tipo de moneda de los estímulos | F3: Periodicidad de los estímulos
A4: 1 | B4: BONO DE PERSEVERANCIA | C4: 197684.65 | D4: 139400.8 | E4: PESOS | F4: ANUAL
A5: 2 | B5: BONO DE PERSEVERANCIA | C5: 159115.51 | D5: 114507.8 | E5: PESOS | F5: ANUAL
A6: 3 | B6: BONO DE PERSEVERANCIA | C6: 88263.94 | D6: 64721.8 | E6: PESOS | F6: ANUAL
A7: 4 | B7: BONO DE PERSEVERANCIA | C7: 51536.52 | D7: 38404.91 | E7: PESOS | F7: ANUAL
A8: 0 | B8: NINGUNA | C8: 0 | D8: 0 | E8: PESOS | F8: N/A

Sheet Tabla_352978
B1: 1 | C1: 6 | D1: 6 | E1: 1 | F1: 1
B2: 45676 | C2: 45677 | D2: 45678 | E2: 45679 | F2: 45680
A3: ID | B3: Denominación de los apoyos económicos | C3: Monto bruto de los apoyos económicos | D3: Monto neto de los apoyos económicos | E3: Tipo de moneda de los apoyos económicos | F3: Periodicidad de los apoyos económicos
A4: 1 | B4: APOYO PARA PASAJES | C4: 6365 | D4: 5256.58 | E4: PESOS | F4: MENSUAL
A5: 2 | B5: APOYO PARA PASAJES | C5: 3325 | D5: 2814.61 | E5: PESOS | F5: MENSUAL
A6: 3 | B6: APOYO PARA PASAJES | C6: 2660 | D6: 2343.39 | E6: PESOS | F6: MENSUAL
A7: 4 | B7: APOYO PARA PASAJES | C7: 2375 | D7: 2002.75 | E7: PESOS | F7: MENSUAL
A8: 5 | B8: APOYO PARA PASAJES | C8: 2185 | D8: 1809.96 | E8: PESOS | F8: MENSUAL
A9: 6 | B9: APOYO PARA PASAJES | C9: 1995 | D9: 1657.89 | E9: PESOS | F9: MENSUAL
A10: 7 | B10: APOYO PARA PASAJES | C10: 1995 | D10: 1648.45 | E10: PESOS | F10: MENSUAL
A11: 0 | B11: NINGUNA | C11: 0 | D11: 0 | E11: PESOS | F11: MENSUAL

Sheet Tabla_352975
B1: 1 | C1: 6 | D1: 6 | E1: 1 | F1: 1
B2: 45661 | C2: 45662 | D2: 45663 | E2: 45664 | F2: 45665
A3: ID | B3: Denominación de las prestaciones económicas | C3: Monto bruto de las prestaciones económicas | D3: Monto neto de las prestaciones económicas | E3: Tipo de moneda de las prestaciones económicas | F3: Periodicidad de las prestaciones económicas
A4: 0 | B4: N/A

Sheet Tabla_352979
B1: 1 | C1: 1
B2: 45681 | C2: 45682
A3: ID | B3: Descripción de las prestaciones en especie | C3: Periodicidad de las prestaciones en especie
A4: 0 | B4: N/A
